Map: Rorschach LE

Players

Dedas

  • Race: Terran Terran
  • League: Diamond

Kan - Winner!

  • Race: Zerg Zerg
  • League: Diamond

VOD

Have the link to the VOD?

Description

Time

  • Played on: Aug. 13, 2026, 2:53 p.m.
  • Length: 15:09
Show
View Real Time Build Order
Export as new Build Order

Dedas Terran 

Build Orders:  

Get SALT Encoding   

  8  0:00  SCV  
  9  0:13  SCV  
  10  0:25  SCV  
  11  0:35  Supply Depot  
  11  0:37  Refinery  
  11  0:42  SCV  
  12  0:54  SCV  
  13  1:05  Barracks  
  13  1:09  SCV  
  14  1:21  SCV  
  15  1:33  SCV  
  16  1:45  SCV  
  17  1:53  Marine  
  18  1:57  Factory, SCV  
  19  2:09  Orbital Command  
  19  2:11  Barracks Reactor  
  19  2:23  Supply Depot  
  19  2:42  SCV  
  20  2:52  Command Center  
  20  2:59  Hellion  
  20  3:01  Hellion  
  20  3:04  SCV  
  25  3:08  Marine  
  26  3:17  SCV  
  26  3:19  Supply Depot  
  27  3:21  Hellion  
  29  3:38  Barracks Tech Lab  
  29  3:41  Hellion  
  31  3:44  Factory, SCV  
  31  3:45  Refinery  
  32  3:50  Hellion  
  34  3:59  SCV  
  35  4:10  Marine  
  35  4:11  SCV  
  35  4:13  Bunker  
  33  4:29  Orbital Command  
  32  4:36  Factory Tech Lab  
  31  4:40  Starport  
  31  4:42  Starport  
  31  4:43  SCV  
  32  4:58  Hellion  
  34  5:08  Hellion  
  34  5:09  Hellion, SCV  
  39  5:24  Starport Tech Lab  
  39  5:25  Viking  
  39  5:27  Cloaking Field  
  41  5:34  SCV x2  
  43  5:38  Siege Tank  
  43  5:39  Hellion  
  48  5:46  SCV x2  
  48  5:48  Supply Depot x2  
  50  6:09  Refinery, Banshee x2  
  50  6:10  SCV x2  
  50  6:11  Refinery  
  58  6:21  Supply Depot  
  58  6:22  SCV x2  
  60  6:29  Command Center  
  60  6:34  SCV  
  61  6:42  Siege Tank, Hellion  
  61  6:43  Hellion  
  68  6:52  Medivac  
  70  6:58  Banshee  
  73  7:10  SCV  
  74  7:15  SCV  
  74  7:16  Hellion x3  
  74  7:17  Supply Depot  
  74  7:22  SCV, Supply Depot  
  82  7:28  Engineering Bay  
  83  7:44  SCV x2  
  84  7:56  SCV x2  
  84  7:57  Planetary Fortress  
  86  8:03  Missile Turret  
  80  8:32  Cyclone  
  80  8:33  Hellion x2  
  73  8:34  Viking x2  
  77  8:35  SCV  
  77  8:36  SCV  
  83  8:47  Factory  
  83  8:48  SCV  
  85  8:51  SCV x2  
  86  9:00  SCV, Missile Turret, Widow Mine  
  86  9:01  Missile Turret  
  86  9:02  Widow Mine  
  91  9:03  SCV  
  91  9:04  Viking, Cyclone  
  91  9:08  Missile Turret  
  99  9:13  Missile Turret  
  97  9:22  Factory  
  97  9:26  Factory x2  
  97  9:28  Missile Turret, SCV x2  
  97  9:29  Factory, SCV  
  100  9:32  Starport Reactor  
  100  9:38  Cyclone  
  100  9:40  SCV  
  100  9:43  Factory Tech Lab  
  104  9:55  Armory x2, SCV x2  
  104  9:56  SCV  
  107  10:05  Command Center  
  107  10:07  SCV x2  
  109  10:25  Refinery x2  
  109  10:26  Factory Tech Lab  
  109  10:27  Factory Tech Lab  
  109  10:28  Sensor Tower  
  109  10:32  Infernal Pre-Igniter  
  109  10:39  Factory Tech Lab  
  109  10:42  Hellion  
  111  10:49  Supply Depot  
  111  10:51  Supply Depot  
  111  10:55  Supply Depot  
  111  10:58  Supply Depot  
  111  11:06  SCV x2, Siege Tank x2  
  111  11:10  SCV, Cyclone, Hellion x2  
  127  11:13  Thor  
  127  11:17  Thor x2  
  145  11:18  SCV x2  
  145  11:22  SCV  
  148  11:31  SCV x2  
  148  11:32  Hellion x2  
  154  11:34  SCV  
  144  11:43  SCV  
  88  12:03  Siege Tank x2  
  88  12:04  Siege Tank x4  
  80  12:16  Hellion  
  81  12:25  Banshee  
  81  12:28  Hellion  
  81  12:29  SCV x2  
  86  12:35  Orbital Command, Siege Tank  
  86  12:36  Siege Tank x2, Hellion x3  
  100  12:41  SCV  
  101  12:46  Planetary Fortress  
  101  12:48  SCV  
  102  12:53  SCV  
  103  13:00  SCV  
  104  13:05  SCV  
  104  13:08  Cyclone x3  
  104  13:09  Factory Tech Lab  
  104  13:10  SCV  
  104  13:12  SCV  
  116  13:21  Cyclone  
  67  13:47  Cyclone  
  67  13:48  Cyclone x2  
  70  13:49  Hellion x2  
  72  13:58  SCV x2  
  72  13:59  SCV x2  
  60  14:10  SCV x2  
  60  14:11  SCV x2  
  64  14:17  Siege Tank  
  64  14:18  Siege Tank  
  64  14:22  SCV  
  64  14:23  SCV x3  
  74  14:35  SCV x4  
  72  14:47  SCV x3  
Show
View Real Time Build Order
Export as new Build Order

Kan Zerg - Winner!

Build Orders: Hatch First 

Get SALT Encoding   

  8  0:00  Drone  
  9  0:11  Drone  
  10  0:17  Drone  
  11  0:22  Drone  
  12  0:32  Overlord  
  12  0:39  Extractor  
  12  0:40  Drone  
  13  0:51  Drone x2  
  15  1:13  Hatchery  
  15  1:18  Drone  
  15  1:21  Drone  
  15  1:25  Drone  
  17  1:38  Spawning Pool  
  16  1:41  Drone  
  16  1:44  Extractor  
  16  1:45  Drone  
  17  1:59  Drone  
  18  2:04  Drone  
  19  2:11  Overlord  
  19  2:23  Drone  
  19  2:27  Queen  
  19  2:28  Queen  
  19  2:29  Zergling x2  
  25  2:32  Zergling x2  
  26  2:42  Drone x2  
  28  2:50  Drone x2  
  30  2:57  Metabolic Boost  
  30  2:58  Overlord  
  30  3:01  Drone  
  30  3:05  Drone  
  32  3:18  Drone x2  
  34  3:22  Hatchery  
  33  3:29  Overlord  
  32  3:42  Spine Crawler  
  32  3:45  Drone x6, Spine Crawler  
  37  3:54  Baneling Nest  
  36  4:01  Zergling x8  
  40  4:06  Zergling x2  
  40  4:07  Queen  
  43  4:15  Zergling x2  
  33  4:25  Drone  
  33  4:26  Drone x4  
  39  4:31  Drone x4  
  39  4:36  Overlord  
  42  4:41  Pneumatized Carapace  
  42  4:50  Drone x3  
  45  5:01  Drone x5  
  45  5:04  Spore Crawler  
  49  5:08  Spore Crawler, Drone  
  49  5:21  Roach Warren  
  48  5:23  Drone  
  48  5:24  Drone x2  
  51  5:28  Spore Crawler  
  51  5:29  Lair  
  51  5:33  Drone  
  51  5:37  Overlord x2  
  51  5:40  Overlord  
  51  5:42  Overlord  
  51  5:55  Queen x2  
  55  5:59  Extractor  
  55  6:01  Extractor  
  55  6:03  Extractor  
  55  6:04  Spore Crawler  
  51  6:08  Overlord, Spore Crawler  
  51  6:09  Drone x3  
  51  6:11  Drone  
  54  6:13  Drone  
  54  6:14  Drone  
  54  6:16  Drone  
  57  6:18  Drone  
  57  6:19  Drone  
  57  6:20  Drone  
  55  6:37  Drone  
  55  6:38  Drone x9  
  65  6:46  Glial Reconstitution  
  65  6:47  Spire, Drone  
  65  6:49  Drone  
  66  7:00  Baneling x3  
  66  7:05  Overlord x3, Queen  
  68  7:16  Overlord, Queen x2  
  68  7:18  Drone  
  68  7:20  Drone  
  74  7:28  Roach x4  
  74  7:29  Roach  
  84  7:31  Drone  
  84  7:32  Drone  
  84  7:33  Roach  
  88  7:49  Roach  
  88  7:50  Roach x3  
  88  7:51  Roach  
  98  7:54  Hatchery, Corruptor  
  98  8:07  Extractor x2  
  98  8:08  Drone x2  
  98  8:09  Drone x2  
  96  8:14  Roach x6  
  96  8:17  Drone x2  
  96  8:18  Drone  
  96  8:19  Drone  
  105  8:32  Drone x7  
  110  8:38  Drone x3  
  113  8:49  Overlord x3  
  113  8:54  Overlord x2  
  113  8:59  Roach  
  113  9:00  Roach  
  117  9:15  Drone x12  
  130  9:17  Drone  
  130  9:18  Drone  
  130  9:19  Drone  
  130  9:22  Overseer  
  132  9:26  Overlord  
  132  9:27  Roach x2  
  132  9:29  Roach  
  137  9:39  Drone x2  
  141  9:45  Roach  
  141  9:46  Roach x7  
  141  9:49  Ravager x8  
  141  9:50  Ravager x2  
  165  9:54  Evolution Chamber  
  165  9:57  Evolution Chamber  
  163  10:02  Drone  
  163  10:03  Drone x3  
  163  10:06  Spore Crawler  
  164  10:12  Roach x5  
  164  10:14  Overlord x4  
  174  10:15  Overlord  
  174  10:22  Ravager  
  174  10:27  Zerg Missile Weapons Level 1  
  175  10:29  Centrifugal Hooks  
  175  10:33  Zerg Ground Armor Level 1  
  175  10:35  Ravager  
  175  10:36  Ravager x3  
  179  10:43  Corruptor  
  179  10:48  Corruptor  
  183  10:54  Corruptor  
  185  11:00  Extractor  
  185  11:01  Extractor  
  183  11:04  Drone x3  
  183  11:05  Drone x3  
  183  11:06  Drone x2  
  183  11:07  Drone x2  
  183  11:08  Corruptor x2  
  183  11:09  Hatchery  
  196  11:14  Corruptor  
  196  11:16  Drone  
  189  11:47  Roach x6  
  172  12:07  Zergling x18  
  175  12:08  Roach x10  
  175  12:09  Roach x9  
  184  12:32  Roach x8  
  191  12:39  Zerg Missile Weapons Level 2  
  191  12:40  Zerg Ground Armor Level 2  
  178  12:50  Roach x11  
  155  13:37  Roach x8  
  155  13:39  Roach x9  
  155  13:40  Roach x14  
  187  13:55  Roach x8  
  199  14:00  Ravager x3  
  199  14:01  Ravager x4  
  194  14:03  Ravager x3  
  194  14:04  Corruptor x2  
  194  14:05  Corruptor x2  
  194  14:06  Corruptor  
  194  14:07  Corruptor  
  197  14:11  Drone x2  
  199  14:19  Overseer x3  
  199  14:31  Drone  
Tags
 
Add a new tag
Caveats
  • Supply blocks, unpowered buildings, or Contaminate may cause inaccurate times.
  • Supply counts are checked every 10 seconds.